 Dungeon Crawl Stone Soup version 0.24.0-123-gd5b16e6ec5 (webtiles) character file.

Game seed: 17226813220023149037, levelgen mode: deterministic

139 Heesun the Skirmisher (level 5, 0/33 HPs)
             Began as a Gargoyle Fighter on Jan 13, 2020.
             Was an Initiate of Okawaru.
             Slain by an orc priest (1 damage)
             ... on level 2 of the Dungeon.
             The game lasted 00:04:28 (2411 turns).

Heesun the Skirmisher (Gargoyle Fighter)            Turns: 2411, Time: 00:04:29

Health: 0/33       AC: 13    Str: 26    XL:     5   Next: 22%
Magic:  5/5        EV:  6    Int:  8    God:    Okawaru [......]
Gold:   156        SH:  9    Dex:  9    Spells: 4/4 levels left

rFire    . . .     SeeInvis .   a - +0 war axe
rCold    . . .     Gourm    .   c - +0 shield
rNeg     + . .     Faith    .   q - +0 chain mail
rPois    ∞         Spirit   .   (no helmet)
rElec    +         Reflect  .   (no cloak)
rCorr    .         Harm     .   (no gloves)
MR       .....                  (no boots)
Stlth    ..........             (no amulet)
HPRegen  0.11/turn              k - ring of wizardry
MPRegen  0.09/turn              (no ring)

@: mighty
A: negative energy resistance 1, electricity resistance, unbreathing,
petrification resistance, rot immunity, AC +4
a: Renounce Religion


You were on level 2 of the Dungeon.
You worshipped Okawaru.
Okawaru was noncommittal.
You were hungry.

You visited 1 branch of the dungeon, and saw 3 of its levels.

You collected 156 gold pieces.

Inventory:

Hand Weapons
 a - a +0 war axe (weapon)
Missiles
 s - 2 atropa-tipped darts (quivered)
 u - 4 curare-tipped darts
Armour
 b - a +0 scale mail
 c - a +0 shield (worn)
 j - a +2 ring mail of cold resistance
 q - a +0 chain mail (worn)
Jewellery
 k - a ring of wizardry (left hand)
Scrolls
 g - a scroll of fear {unknown}
 i - a scroll of enchant weapon {unknown}
 l - 3 scrolls of teleportation {unknown}
 n - 2 scrolls of remove curse {unknown}
 o - 2 scrolls of amnesia {unknown}
 p - a scroll of fog {unknown}
 r - 4 scrolls of identify {unknown}
Potions
 e - a potion of magic {unknown}
 m - a potion of brilliance {unknown}
 t - a potion of heal wounds {unknown}
Comestibles
 f - 10 rations
 h - 4 chunks of flesh


   Skills:
 + Level 4.1 Fighting
 + Level 3.4 Axes
 + Level 4.0 Armour
 - Level 1.1 Dodging
 - Level 3.3 Shields


You had 4 spell levels left.
You didn't know any spells.
Your spell library was empty.

Dungeon Overview and Level Annotations

Branches:
Dungeon (3/15)

Altars:
Okawaru


Innate Abilities, Weirdness & Mutations

You are resistant to torment.
Your stone body is resilient. (AC +4)
You are immune to poison.
You resist negative energy. (rN+)
You are resistant to electric shocks. (rElec)
You can survive without breathing.
You are immune to petrification.
You are immune to rotting.


Message History

The orc priest is moderately wounded.
You hit the orc. The orc priest hits you. The orc hits you but does no damage.
The orc priest hits you but does no damage.
You hit the orc priest.
The orc priest is severely wounded.
You slash the orc!
You kill the orc!
Okawaru accepts your kill.
The orc priest invokes the aid of Beogh against you.
Beogh smites you!
* * * LOW HITPOINT WARNING * * *
You feel very mighty all of a sudden.
The orc priest calls down the wrath of Beogh upon you.
Beogh smites you!
* * * LOW HITPOINT WARNING * * *
You completely miss the orc priest.
The orc priest is severely wounded.
The orc priest hits you but does no damage.
The orc priest hits you.
You die...

######.# ##.## ##.....#
#..# #...#### #.## ....#
#.# #...# #.# .#.## #.#
...# ##.# .#[#
################..# ...#
#.........)@o....## .###
#.#####..#####.#########
.#
#.#####..##............#
.#
#.##...(....##.#######.#
## #.##.##..#####.#
#....# #.##.##..#####.#
#.#### #..............#
#.#
#########.##...######
#.#
#..........#........#
#.####


You could see an orc priest.

Vanquished Creatures
  An orc wizard (D:2)
  5 adders
  An ooze (D:2)
  4 dart slugs
  A leopard gecko (D:1)
  2 orcs (D:2)
  3 giant cockroaches (D:1)
  6 goblins
  4 hobgoblins
  2 jackals (D:3)
  6 kobolds
  4 quokkas
  5 bats
  3 frilled lizards
  7 rats (D:1)
54 creatures vanquished.

Notes
Turn   | Place    | Note
-------+----------+-------------------------------------------
     0 | D:1      | Heesun the Gargoyle Fighter began the quest for the Orb.
     0 | D:1      | Reached XP level 1. HP: 14/14 MP: 1/1
   136 | D:1      | Reached XP level 2. HP: 19/19 MP: 2/2
   910 | D:1      | Reached XP level 3. HP: 24/24 MP: 3/3
  1163 | D:2      | Found an iron altar of Okawaru.
  1185 | D:2      | Reached skill level 1 in Dodging
  1308 | D:2      | Became a worshipper of Warmaster Okawaru
  1334 | D:2      | Found a faded altar of an unknown god.
  1384 | D:2      | Reached XP level 4. HP: 28/29 MP: 4/4
  2222 | D:2      | Reached XP level 5. HP: 13/33 MP: 5/5
  2410 | D:2      | HP: 1/33 [orc priest/divine providence (7)]
  2411 | D:2      | Slain by an orc priest

Levels and vault maps discovered:
D:1:      giann_horns, layout_basic, minmay_octomino_c4
D:2:      layout_loops_cross, first_ration, chequers_ecumenical_altar_simple,
          roderic_lattice_a, okawaru_ov_weapons_minmay
D:3:      layout_basic, nicolae_overflow_hidden_temple, kennysheep_slug_shrine,
          minivault_25, nemelex_lonely_heart_becter

Skill      XL: |  1  2  3  4 |
---------------+-------------+-----
Axes           | 2 3 |  3.4
Dodging        | 1 |  1.1
Fighting       | 4 |  4.1
Armour         | 4 |  4.0
Shields        | |  3.3

Action                   |  1- 3 |  4- 6 || total
-------------------------+-------+-------++-------
Melee: War axe           |   180 |    95 ||   275
  Use: Potion            |       |     1 ||     1
  Eat: Chunk             |     2 |     3 ||     5
Armor: Scale mail        |    51 |       ||    51
       Chain mail        |    95 |    65 ||   160
Dodge: Dodged            |    47 |    14 ||    61
Block: Shield            |   111 |    47 ||   158
